 Dungeon Crawl Stone Soup version 0.30-a0-778-g2ef04afb54 (webtiles) character file.

Game seed: 9507221785844112406

260 Zenkrye the Firebug (level 6, 0/47 HPs)
             Began as a Human Cinder Acolyte on Feb 15, 2023.
             Was a High Priest of Ignis.
             Slain by an acid dragon (5 damage)
             ... on level 7 of the Dungeon.
             The game lasted 00:10:00 (3290 turns).

Zenkrye the Firebug (Human Cinder Acolyte)          Turns: 3290, Time: 00:10:00

Health: 0/47       AC:  5    Str: 22    XL:     6   Next: 41%
Magic:  0/8        EV: 11    Int: 14    God:    Ignis [*****.]
Gold:   215        SH:  0    Dex:  9    Spells: 6/8 levels left

rFire   + + .      SeeInvis .    a - +0 spear (flame)
rCold   + . .      Faith    .    (no shield)
rNeg    . . .      Spirit   .    g - +0 leather armour
rPois   .          Reflect  .    (no helmet)
rElec   .          Harm     .    d - scarf {rC+ rF+}
rCorr   .          Rampage  .    (no gloves)
Will    .....                    j - +1 pair of boots
Stlth   +                        (no amulet)
HPRegen 0.27/turn                l - +6 ring of strength
MPRegen 0.11/turn                (no ring)

@: no status effects
A: no striking features
a: Renounce Religion, Fiery Armour, Foxfire Swarm, Rising Flame


You were on level 7 of the Dungeon.
You worshipped Ignis.
Ignis was extremely pleased with you.
You visited 1 branch of the dungeon, and saw 5 of its levels.

You collected 215 gold pieces.

Inventory:

Hand Weapons
 a - a +0 spear of flaming (weapon)
 c - a +0 spear
 h - a +0 sling
Missiles
 p - 4 poisoned darts (quivered)
Armour
 b - a +0 robe
 d - a scarf of resistance (worn)
 g - a +0 leather armour (worn)
 j - a +1 pair of boots (worn)
 k - an orb of guile
Jewellery
 l - a +6 ring of strength (left hand)
Scrolls
 f - 2 scrolls of enchant weapon
 i - a scroll of identify {@r1}
Potions
 e - 4 potions of lignification
 m - 2 potions of ambrosia
 n - a potion of flight
 q - 2 potions of brilliance


   Skills:
 - Level 3.0 Fighting
 * Level 5.0 Polearms
 + Level 1.7 Spellcasting
 - Level 5.0 Fire Magic


You had 6 spell levels left.
You knew the following spells:

 Your Spells              Type           Power      Damage    Failure   Level
a - Scorch                Fire           30%        2d6       5%          2

Your spell library contained the following spells:

 Spells                   Type           Power      Damage    Failure   Level
 Freeze                   Ice            4%         1d3       28%         1
 Ignite Poison            Fire/Tmut/Pois 5%         N/A       38%         3
 Frozen Ramparts          Ice            2%         1d1       63%         3
 Hailstorm                Conj/Ice       1%         3d3       63%         3
 Sticky Flame             Conj/Fire      8%         2d3       69%         4
 Ignition                 Fire           7%         3d5       100%        8


Dungeon Overview and Level Annotations

Branches:
Dungeon (4/15)
 Temple: D:4-7

Altars:
Ashenzari
Dithmenos

Shops:
D:4 =


Message History

Casting: Scorch (safe; 5% risk of failure)
Confirm with . or Enter, or press ? or * to list all spells.
Flames lash the acid dragon.
The acid dragon is burned terribly!
The acid dragon is heavily wounded.
The acid dragon barely misses you.
The acid dragon claws you but does no damage.
Casting: Scorch (safe; 5% risk of failure)
Confirm with . or Enter, or press ? or * to list all spells.
Flames lash the acid dragon but do no damage.
The acid dragon barely misses you. The acid dragon claws you.
Casting: Scorch (safe; 5% risk of failure)
Confirm with . or Enter, or press ? or * to list all spells.
Flames lash the acid dragon.
The acid dragon is burned terribly!
The acid dragon is severely wounded.
The acid dragon closely misses you.
The acid dragon claws you but does no damage.
You hit the acid dragon but do no damage.
The acid dragon is severely wounded.
You hit the acid dragon but do no damage.
Your punch misses the acid dragon.
The acid dragon is severely wounded.
The acid dragon closely misses you. The acid dragon claws you.
You hit the acid dragon but do no damage.
The acid dragon is severely wounded.
The acid dragon barely misses you.
The acid dragon claws you but does no damage.
You hit the acid dragon. You burn the acid dragon.
The acid dragon is almost dead.
The acid dragon spits acid at you. The splash of acid hits you!!
* * * LOW HITPOINT WARNING * * *
You aren't carrying any items that you can evoke.
Okay, then.
Unknown command.
Okay, then.
Unknown command.
You hit the acid dragon. You burn the acid dragon.
The acid dragon is almost dead.
The acid dragon bites you.
You die...

. .. ...
######### .D..
#..##...## ..[##
##.......@#.....#
#.........D.....#
#...#.....#......
#...#....####....
#...##.#.# ...
#.....##### #.
##..### ...# #..#


You could see an acid dragon (catching breath, combustible).

Vanquished Creatures
  A scorpion (D:2)
  A howler monkey (D:3)
  Jessica (D:2)
  An iguana (D:4)
  4 adders
  2 dart slugs (D:1)
  3 orcs
  5 ball pythons
  4 bats
  6 endoplasms
  2 giant cockroaches
  9 goblins
  3 hobgoblins
  7 jackals
  3 quokkas
  2 frilled lizards (D:3)
  7 kobolds
  5 rats
66 creatures vanquished.

Notes
Turn   | Place    | Note
-------+----------+-------------------------------------------
     0 | D:1      | Zenkrye the Human Cinder Acolyte began the quest for the
                  | Orb.
     0 | D:1      | Reached XP level 1. HP: 18/18 MP: 2/2
   271 | D:1      | Reached XP level 2. HP: 23/24 MP: 3/3
   304 | D:1      | Learned a level 2 spell: Scorch
   587 | D:1      | Reached XP level 3. HP: 25/29 MP: 4/4
  1274 | D:2      | Reached XP level 4. HP: 35/35 MP: 5/5
  1507 | D:2      | Found a faded altar of an unknown god.
  1560 | D:2      | Found a shadowy altar of Dithmenos.
  1689 | D:2      | Noticed a scorpion
  1706 | D:2      | Noticed Jessica
  1707 | D:2      | Killed Jessica
  1708 | D:2      | Reached XP level 5. HP: 41/41 MP: 3/6
  1799 | D:2      | Reached skill level 5 in Fire Magic
  2168 | D:3      | Reached XP level 6. HP: 47/47 MP: 7/7
  2968 | D:4      | Found a broken altar of Ashenzari.
  2973 | D:4      | Saw a vision of the Swamp and the Snake Pit.
  2973 | D:4      | Noticed an eleionoma
  2973 | D:4      | Noticed a spriggan druid
  2973 | D:4      | Noticed a naga
  2973 | D:4      | Noticed a naga sharpshooter
  2973 | D:4      | Noticed a black mamba
  2973 | D:4      | Noticed a naga
  2973 | D:4      | Noticed a naga
  2973 | D:4      | Noticed a salamander
  2973 | D:4      | Noticed a five-headed hydra
  2973 | D:4      | Noticed a naga mage
  2973 | D:4      | Noticed an eleionoma
  2974 | D:4      | Noticed a naga
  2975 | D:4      | Noticed a spriggan druid
  3057 | D:4      | Reached skill level 5 in Polearms
  3203 | D:4      | Found Seusuuq's Jewellery Emporium.
  3267 | D:4      | You fall into a shaft and drop 3 floors!
  3276 | D:7      | Noticed an acid dragon
  3290 | D:7      | Slain by an acid dragon

Illustrated notes

Levels and vault maps discovered:
D:1:      nzn_arrival_depleted_hourglass, layout_basic, minivault_25
D:2:      layout_basic, basic_altar, ebering_ecumenical_altar_webs, uniq_jessica
D:3:      layout_loops_ring
D:4:      layout_rooms, grunt_ashenzari_visionary
          [grunt_ashenzari_visionary_swamp, grunt_ashenzari_visionary_snake],
          serial_shops, shop_statue, minivault_27, minivault_19,
          chequers_serial_rivers_room_a, corexii_item_surrounded_by_moat
D:7:      layout_cave_pools, mainiacjoe_overflow_small_starburst,
          mainiacjoe_overflow_catwalk, uniq_duvessa

Skill      XL: |  1  2  3  4  5  6 |
---------------+-------------------+-----
Polearms       | 4 5 |  5.0
Fire Magic     | 4 5 |  5.0
Fighting       | |  3.0
Spellcasting   | |  1.7

Action                     |  1- 3 |  4- 6 || total
---------------------------+-------+-------++-------
  Melee: Spear             |    86 |   128 ||   214
         Punch             |     1 |     2 ||     3
   Fire: Sling             |     3 |       ||     3
  Throw: Dart              |       |     2 ||     2
   Cast: Scorch            |     5 |    17 ||    22
    Use: Scroll            |     5 |     9 ||    14
         Potion            |       |     2 ||     2
 Armour: Robe              |     3 |       ||     3
         Leather armour    |     8 |    27 ||    35
  Dodge: Dodged            |    39 |    56 ||    95

Table legend: (Time is in decaauts)
 A = Elapsed time spent in this place.
 B = Non-inter-level travel time spent in this place.
 C = Inter-level travel time spent in this place.
 D = Time resting spent in this place.
 E = Time spent auto-exploring this place.
 F = Levels seen in this place.
 G = Mean time per level.
                   A        B        C        D        E       F      G
               +--------+--------+--------+--------+--------+-----+--------+
         Total |   3266 |   3170 |     96 |    266 |   2309 |   5 |  653.2 |
       Dungeon |   3266 |   3170 |     96 |    266 |   2309 |   5 |  653.2 |
               +--------+--------+--------+--------+--------+-----+--------+

Top non-repeatable levels by time:
     D:1: 1186 daAuts
     D:2: 803 daAuts
     D:3: 644 daAuts
     D:4: 610 daAuts
     D:7: 22 daAuts
